AoeStats
← 3184353558

Black Forest

508580673Analyzed
4v4 RM · 10d ago on Sep 23, 2026· 58m 14s· 8 players
Game mode
Random Map
Map size
Large (8 player)
Population
200
Speed
Normal
Resources
Standard
Victory
Conquest
Starting age
Dark Age
Ending age
Imperial Age
RankedLock teamsTeams togetherTeam positionsShared explorationLock speedFull tech treeHidden civsTurbo modeCheats
Victory
Defeat
🇲🇽 Portuguese · Mexico
731
+6
🇺🇸 Persians · United States
721
+7
🇺🇸 Franks · United States
710
+7
🇨🇦 Turks · Canada
342
+20
🇮🇹 Celts · Italy
588
-15
🇮🇩 Spanish · Indonesia
520
-11
🇨🇳 Chinese · China
429
-8
🇺🇸 Chinese · United States
375
-6
RookyFountain6
2:59 Loom
14:54 Feudal Age
16:15 Wheelbarrow
15:32 Double-Bit Axe
15:41 Gold Mining
24:05 Horse Collar
28:10 Castle Age
31:52 Hand Cart
31:55 Bow Saw
31:49 Heavy Plow
41:36 Imperial Age
41:59 Gold Shaft Mining
41:23 Stone Mining
42:30 Ballistics
42:02 Heated Shot
42:58 Caravan
44:03 Conscription
genkogenka
1:23 Loom
22:20 Feudal Age
34:42 Castle Age
34:36 Horse Collar
34:47 Double-Bit Axe
35:50 Stone Mining
39:20 Gold Mining
3184353558
0:39 Loom
10:45 Feudal Age
14:56 Double-Bit Axe
15:43 Stone Mining
16:44 Wheelbarrow
17:43 Gold Mining
20:12 Horse Collar
23:27 Castle Age
25:00 Bow Saw
25:29 Gold Shaft Mining
25:29 Stone Shaft Mining
25:04 Thumb Ring
28:11 Hand Cart
29:52 Caravan
30:31 Fletching
30:41 Padded Archer Armor
31:57 Heavy Plow
35:15 Imperial Age
37:10 Two-Man Saw
36:58 Conscription
36:50 Elite Chu Ko Nu
38:39 Leather Archer Armor
38:19 Bodkin Arrow
38:51 Town Watch
41:38 Ballistics
42:18 Chemistry
41:36 Masonry
42:01 Ring Archer Armor
41:32 Bracer
41:39 Scale Barding Armor
41:48 Scale Mail Armor
41:59 Forging
41:31 Cavalier
42:13 Husbandry
42:36 Bloodlines
42:58 Capped Ram
47:27 Chain Mail Armor
47:48 Iron Casting
47:34 Chain Barding Armor
48:17 Town Patrol
50:07 Pikeman
50:47 Squires
50:43 Halberdier
55:23 Blast Furnace
54:54 Plate Mail Armor
55:00 Plate Barding Armor
xdoppiadx
1:13 Loom
11:24 Feudal Age
11:53 Double-Bit Axe
19:14 Castle Age
17:45 Gold Mining
18:02 Horse Collar
18:39 Stone Mining
20:07 Wheelbarrow
19:25 Fishing Lines
20:17 Bow Saw
21:33 Gillnets
22:18 Heavy Plow
25:37 Caravan
28:42 Hand Cart
33:13 Fervor
37:44 Imperial Age
35:02 Town Watch
36:29 Forging
36:19 Scale Mail Armor
36:24 Scale Barding Armor
36:09 Fletching
36:19 Padded Archer Armor
36:51 Fortified Wall
36:37 Murder Holes
37:03 Ballistics
38:16 Iron Casting
37:54 Masonry
37:36 Heated Shot
37:37 Guard Tower
37:52 Town Patrol
39:18 Bodkin Arrow
39:38 Chain Mail Armor
39:43 Chain Barding Armor
39:19 Bodkin Arrow
40:25 Blast Furnace
41:24 Chemistry
40:09 Arrowslits
40:31 Siege Engineers
42:14 Plate Mail Armor
41:59 Leather Archer Armor
41:48 Onager
41:50 Heavy Scorpion
42:08 Pikeman
43:29 Ring Archer Armor
42:30 Man-at-Arms
42:55 Gambesons
43:30 Stronghold
44:01 Conscription
43:51 Furor Celtica
44:17 Hoardings
44:59 Long Swordsman
45:18 Elite Skirmisher
45:19 Heavy Mounted Crossbowman
45:42 Halberdier
Eyjafjallajökull
0:29 Loom
DOTORSACAMUELAS
0:40 Loom
16:54 Feudal Age
18:05 Double-Bit Axe
19:39 Wheelbarrow
21:10 Castle Age
19:52 Stone Mining
19:53 Gold Mining
22:10 Bow Saw
23:39 Wheelbarrow
29:21 Stone Shaft Mining
29:58 Hand Cart
29:57 Horse Collar
32:12 Heavy Plow
36:43 Imperial Age
34:27 Town Watch
35:34 Town Patrol
35:40 Town Patrol
35:47 Scale Barding Armor
35:54 Forging
35:36 Fletching
38:58 Chemistry
37:55 Murder Holes
37:37 Cavalier
38:18 Husbandry
38:44 Chain Barding Armor
39:19 Padded Archer Armor
39:15 Bodkin Arrow
39:57 Iron Casting
42:05 Leather Archer Armor
41:51 Bracer
42:52 Blast Furnace
42:07 Bloodlines
42:00 Fishing Lines
43:01 Light Cavalry
44:22 Elite Skirmisher
45:33 Bombard Tower
45:34 Ballistics
45:46 Ring Archer Armor
49:45 Plate Barding Armor
viditdhaka2805
16:04 Feudal Age
20:30 Castle Age
19:29 Double-Bit Axe
20:47 Gold Mining
25:09 Wheelbarrow
24:35 Stone Mining
25:21 Gold Shaft Mining
26:28 Hand Cart
28:04 Bow Saw
31:49 Caravan
34:47 Imperial Age
33:19 Scale Barding Armor
33:25 Forging
34:39 Fishing Lines
37:19 Chivalry
37:48 Husbandry
37:09 Cavalier
38:25 Gillnets
38:57 Paladin
40:05 Chain Barding Armor
40:22 Iron Casting
42:59 Plate Barding Armor
43:25 Blast Furnace
junstar
10:45 Feudal Age
11:52 Double-Bit Axe
18:26 Castle Age
19:44 Bow Saw
25:08 Wheelbarrow
29:18 Kamandaran
30:28 Thumb Ring
29:44 Crossbowman
35:15 Imperial Age
33:29 Fletching
36:37 Chemistry
35:58 Ballistics
36:46 Chemistry
36:08 Ballistics
36:49 Chemistry
37:22 Conscription
38:19 Padded Archer Armor
38:15 Bodkin Arrow
40:40 Two-Man Saw
39:32 Horse Collar
39:46 Gold Mining
42:53 Leather Archer Armor
43:41 Hoardings
50:53 Elite War Elephant
51:05 Elite War Elephant
Connection lost

Rejoining the realm…

Still unreachable

The connection could not be restored.

Session expired

The server has moved on; the page needs a fresh start.